[ AOE2 MATCH · #488842043 ]
UnrankedKhmer vs Chinese
Player's team · LOSS
Rival team · WIN
[ REPLAY ANALYSIS · EXTRACTED FROM THE RECORDED GAME ]
Feudal
8:01
Castle
—
Imperial
—
| APM avg | 37.4 |
| APM peak | 62 |
| eAPM avg | 20.4 |
| Villagers / military | 46 / 53 |
Focus
⚔️ 46.2% · 🌾 53.8%
Archer ×29 · Spearman ×20 · Scout Cavalry ×4
Feudal
9:15
Castle
25:33
Imperial
—
| APM avg | 53.5 |
| APM peak | 76 |
| eAPM avg | 23.9 |
| Villagers / military | 53 / 41 |
Focus
⚔️ 35.5% · 🌾 64.5%
Scout Cavalry ×30 · Knight ×8 · Spearman ×2 · Skirmisher ×1
Match map
Initial resources + every placement click. Lines = walls · curves = elevation contours. ◆ gold · ⬟ stone · ● berries · ✦ relic · ◌ wall gap
Your base· Open — unwalled flank
Dracarys's base· ✓ Closed at 25:33 · 35t walls · no gate
Smoothed initial terrain · ◌ = detected wall gap · hover for details
Inputs per minute
— DS_Gitano Urbano - - Dracarys
Build order — DS_Gitano Urbano
145 actions detected in the replay
| 0:01 | Create | Villager (Male) ×4 |
| 0:02 | Build | House |
| 0:04 | Build | House |
| 1:35 | Create | Villager (Male) |
| 2:04 | Create | Villager (Male) |
| 2:17 | Build | House |
| 2:30 | Create | Villager (Male) |
| 2:54 | Create | Villager (Male) |
| 3:16 | Create | Villager (Male) |
| 3:37 | Create | Villager (Male) |
| 3:41 | Create | Villager (Male) |
| 4:14 | Create | Villager (Male) |
| 4:47 | Create | Villager (Male) |
| 5:24 | Create | Villager (Male) |
| 5:51 | Research | Feudal Age |
| 7:26 | Research | Loom |
| 7:28 | Build | House |
| 7:48 | Build | Mining Camp |
| 7:52 | Create | Villager (Male) |
| 8:01 | Age | Feudal Age |
| 8:03 | Build | Stable |
| 8:06 | Create | Villager (Male) |
| 8:29 | Build | Lumber Camp |
| 8:32 | Create | Villager (Male) |
| 8:44 | Create | Scout Cavalry |
| 8:44 | Create | Scout Cavalry |
| 8:55 | Build | House |
| 9:09 | Research | Double-Bit Axe |
| 9:40 | Create | Villager (Male) |
| 9:59 | Build | House |
| 10:26 | Create | Villager (Male) |
| 10:53 | Create | Villager (Male) |
| 11:13 | Create | Villager (Male) |
| 11:33 | Build | Archery Range |
| 11:39 | Build | Archery Range |
| 11:43 | Create | Villager (Male) |
| 12:18 | Build | House |
| 12:22 | Build | Palisade Wall |
| 12:37 | Create | Villager (Male) |
| 12:40 | Build | Mill |
| 12:56 | Create | Archer |
| 12:57 | Create | Archer |
| 12:58 | Create | Archer |
| 13:30 | Build | Blacksmith |
| 13:35 | Create | Archer |
| 13:39 | Build | House |
| 13:49 | Create | Villager (Male) |
| 14:03 | Create | Archer |
| 14:03 | Create | Archer |
| 14:16 | Create | Villager (Male) |
| 14:41 | Create | Archer |
| 14:42 | Create | Archer |
| 15:23 | Create | Archer |
| 15:23 | Create | Archer |
| 15:24 | Create | Villager (Male) |
| 15:31 | Create | Archer |
| 15:33 | Create | Villager (Male) |
| 15:38 | Research | Fletching |
| 15:51 | Create | Villager (Male) |
| 15:51 | Create | Villager (Male) |
| 15:53 | Build | Farm |
| 16:05 | Create | Archer |
| 16:06 | Create | Archer |
| 16:07 | Create | Villager (Male) |
| 16:23 | Build | Mining Camp |
| 16:26 | Create | Archer |
| 16:38 | Create | Archer |
| 16:41 | Create | Villager (Male) |
| 16:52 | Create | Villager (Male) |
| 17:23 | Create | Scout Cavalry |
| 17:27 | Create | Archer |
| 17:34 | Create | Archer |
| 17:38 | Create | Villager (Male) |
| 17:48 | Build | Barracks |
| 18:00 | Create | Archer |
| 18:06 | Create | Scout Cavalry |
| 18:32 | Create | Villager (Male) |
| 18:35 | Create | Archer |
| 18:45 | Create | Spearman |
| 18:48 | Create | Archer |
| 18:51 | Create | Villager (Male) |
| 19:06 | Build | Farm |
| 19:07 | Build | Farm |
| 19:07 | Build | Farm |
| 19:30 | Create | Villager (Male) |
| 19:46 | Create | Archer |
| 19:47 | Create | Archer |
| 19:59 | Build | Market |
| 20:10 | Create | Archer |
| 20:15 | Create | Spearman |
| 20:48 | Build | House |
| 20:49 | Create | Villager (Male) |
| 20:53 | Create | Archer |
| 20:53 | Create | Archer |
| 20:54 | Create | Archer |
| 21:12 | Build | Farm |
| 21:12 | Build | Farm |
| 21:13 | Build | Farm |
| 21:13 | Build | Farm |
| 21:17 | Build | Farm |
| 21:23 | Create | Spearman |
| 21:33 | Create | Archer |
| 21:49 | Create | Spearman |
| 21:54 | Build | Farm |
| 21:55 | Build | Farm |
| 21:55 | Build | Farm |
| 21:55 | Build | Farm |
| 22:10 | Create | Villager (Male) |
| 22:24 | Create | Villager (Male) |
| 22:28 | Create | Spearman |
| 22:33 | Create | Archer |
| 22:34 | Create | Archer |
| 22:54 | Create | Villager (Male) |
| 23:00 | Create | Spearman |
| 23:09 | Build | House |
| 23:15 | Research | Town Watch |
| 23:25 | Create | Spearman |
| 23:36 | Create | Villager (Male) |
| 23:40 | Build | Farm |
| 23:41 | Build | Farm |
| 23:41 | Build | Farm |
| 23:51 | Create | Villager (Male) |
| 24:05 | Research | Scale Mail Armor |
| 24:29 | Build | Barracks |
| 24:33 | Create | Villager (Male) |
| 24:36 | Build | Farm |
| 24:39 | Create | Villager (Male) |
| 24:46 | Create | Spearman |
| 24:47 | Create | Spearman |
| 24:55 | Research | Forging |
| 25:09 | Create | Spearman |
| 25:09 | Create | Spearman |
| 25:13 | Build | House |
| 25:19 | Create | Spearman |
| 25:30 | Create | Spearman |
| 25:30 | Create | Spearman |
| 26:00 | Create | Villager (Male) |
| 26:01 | Research | Wheelbarrow |
| 26:27 | Create | Spearman |
| 26:27 | Create | Spearman |
| 26:35 | Create | Spearman |
| 26:44 | Create | Spearman |
| 26:58 | Create | Spearman |
| 27:08 | Create | Villager (Male) |
| 27:34 | Create | Spearman |
Build order — Dracarys
First 150 of 182 actions detected
| 0:02 | Research | Loom |
| 0:47 | Create | Villager (Male) |
| 0:48 | Create | Villager (Male) |
| 1:12 | Create | Villager (Male) |
| 1:16 | Build | Lumber Camp |
| 1:46 | Create | Villager (Male) |
| 1:46 | Create | Villager (Male) |
| 2:02 | Create | Villager (Male) |
| 2:02 | Create | Villager (Male) |
| 2:24 | Build | House |
| 2:35 | Create | Villager (Male) |
| 2:35 | Create | Villager (Male) |
| 2:58 | Create | Villager (Male) |
| 2:58 | Create | Villager (Male) |
| 3:22 | Build | House |
| 3:33 | Create | Villager (Male) |
| 3:33 | Create | Villager (Male) |
| 4:01 | Create | Villager (Male) |
| 4:01 | Create | Villager (Male) |
| 4:30 | Build | Mill |
| 4:53 | Create | Villager (Male) |
| 5:03 | Create | Villager (Male) |
| 5:31 | Create | Villager (Male) |
| 5:31 | Create | Villager (Male) |
| 6:35 | Create | Villager (Male) |
| 7:05 | Research | Feudal Age |
| 7:05 | Research | Feudal Age |
| 7:29 | Build | Barracks |
| 7:32 | Create | Villager (Male) |
| 7:57 | Create | Villager (Male) |
| 8:26 | Build | House |
| 9:15 | Age | Feudal Age |
| 9:17 | Build | Stable |
| 9:18 | Research | Double-Bit Axe |
| 9:43 | Create | Villager (Male) |
| 9:53 | Create | Spearman |
| 9:58 | Build | Archery Range |
| 10:01 | Create | Villager (Male) |
| 10:09 | Build | Palisade Wall |
| 10:10 | Build | Palisade Wall |
| 10:11 | Build | Palisade Wall |
| 10:14 | Build | Palisade Wall |
| 10:18 | Build | Palisade Wall |
| 10:20 | Build | Palisade Wall |
| 10:25 | Create | Villager (Male) |
| 10:33 | Create | Villager (Male) |
| 10:37 | Create | Scout Cavalry |
| 10:37 | Create | Scout Cavalry |
| 10:48 | Build | Farm |
| 10:52 | Build | Farm |
| 11:00 | Build | Farm |
| 11:04 | Create | Spearman |
| 11:15 | Create | Scout Cavalry |
| 11:24 | Build | House |
| 11:35 | Build | Farm |
| 11:42 | Create | Scout Cavalry |
| 11:54 | Create | Villager (Male) |
| 11:57 | Build | House |
| 11:58 | Build | Palisade Wall |
| 12:12 | Build | Farm |
| 12:24 | Create | Scout Cavalry |
| 12:34 | Build | Farm |
| 12:40 | Build | Farm |
| 12:49 | Create | Scout Cavalry |
| 12:53 | Build | Farm |
| 12:58 | Build | Lumber Camp |
| 13:02 | Create | Scout Cavalry |
| 13:10 | Build | Farm |
| 13:23 | Create | Villager (Male) |
| 13:46 | Create | Scout Cavalry |
| 13:48 | Create | Villager (Male) |
| 13:51 | Build | Farm |
| 14:02 | Build | House |
| 14:04 | Build | Palisade Wall |
| 14:10 | Build | Palisade Wall |
| 14:16 | Create | Scout Cavalry |
| 14:28 | Create | Scout Cavalry |
| 14:34 | Create | Skirmisher |
| 14:46 | Create | Villager (Male) |
| 14:53 | Build | House |
| 14:58 | Build | Farm |
| 14:58 | Build | Farm |
| 14:59 | Create | Villager (Male) |
| 15:15 | Build | Palisade Wall |
| 15:17 | Build | Farm |
| 15:22 | Build | Farm |
| 15:27 | Create | Scout Cavalry |
| 15:47 | Build | Mining Camp |
| 15:50 | Build | Palisade Wall |
| 15:51 | Build | Palisade Wall |
| 15:53 | Build | Farm |
| 15:54 | Build | Farm |
| 15:56 | Build | Farm |
| 15:57 | Create | Villager (Male) |
| 15:57 | Create | Villager (Male) |
| 16:07 | Create | Scout Cavalry |
| 16:22 | Create | Villager (Male) |
| 16:24 | Build | House |
| 16:32 | Build | Blacksmith |
| 16:35 | Build | Palisade Wall |
| 16:45 | Create | Scout Cavalry |
| 16:47 | Create | Villager (Male) |
| 16:57 | Build | House |
| 16:58 | Build | Palisade Wall |
| 16:59 | Create | Villager (Male) |
| 17:13 | Create | Scout Cavalry |
| 17:16 | Create | Villager (Male) |
| 17:19 | Build | Farm |
| 17:35 | Create | Scout Cavalry |
| 17:44 | Build | Stable |
| 17:48 | Create | Scout Cavalry |
| 17:53 | Build | House |
| 17:57 | Build | Palisade Wall |
| 18:11 | Build | Farm |
| 18:22 | Research | Bloodlines |
| 18:34 | Build | Farm |
| 18:35 | Create | Villager (Male) |
| 18:39 | Build | Palisade Wall |
| 18:55 | Build | Farm |
| 18:58 | Build | Farm |
| 18:59 | Create | Villager (Male) |
| 19:04 | Create | Scout Cavalry |
| 19:10 | Build | Farm |
| 19:17 | Create | Scout Cavalry |
| 19:19 | Create | Villager (Male) |
| 19:29 | Build | Farm |
| 19:33 | Create | Scout Cavalry |
| 19:42 | Create | Scout Cavalry |
| 19:46 | Build | Farm |
| 19:49 | Create | Scout Cavalry |
| 19:54 | Create | Scout Cavalry |
| 19:57 | Build | Farm |
| 19:59 | Create | Villager (Male) |
| 20:18 | Create | Villager (Male) |
| 20:28 | Create | Scout Cavalry |
| 20:32 | Build | Farm |
| 20:32 | Create | Villager (Male) |
| 20:36 | Create | Villager (Male) |
| 20:38 | Create | Scout Cavalry |
| 20:55 | Create | Scout Cavalry |
| 21:07 | Build | Farm |
| 21:22 | Build | Farm |
| 21:33 | Create | Villager (Male) |
| 21:48 | Build | Farm |
| 21:59 | Create | Villager (Male) |
| 22:26 | Build | Farm |
| 22:37 | Build | Farm |
| 22:53 | Research | Castle Age |
| 22:53 | Research | Castle Age |
| 23:05 | Research | Forging |
Match timeline
| 7:29 | Dracarys · first_building Barracks |
| 8:01 | DS_Gitano Urbano · age_up feudal |
| 8:03 | DS_Gitano Urbano · first_building Stable |
| 9:15 | Dracarys · age_up feudal |
| 9:17 | Dracarys · first_building Stable |
| 9:58 | Dracarys · first_building Archery Range |
| 10:09 | Dracarys · wall_segment Palisade Wall x1 |
| 10:10 | Dracarys · wall_segment Palisade Wall x1 |
| 10:11 | Dracarys · wall_segment Palisade Wall x1 |
| 10:14 | Dracarys · wall_segment Palisade Wall x1 |
| 10:18 | Dracarys · wall_segment Palisade Wall x1 |
| 10:20 | Dracarys · wall_segment Palisade Wall x1 |
| 11:33 | DS_Gitano Urbano · first_building Archery Range |
| 11:58 | Dracarys · wall_segment Palisade Wall x1 |
| 12:22 | DS_Gitano Urbano · wall_segment Palisade Wall x1 |
| 14:04 | Dracarys · wall_segment Palisade Wall x5 |
| 14:10 | Dracarys · wall_segment Palisade Wall x6 |
| 15:15 | Dracarys · wall_segment Palisade Wall x1 |
| 15:50 | Dracarys · wall_segment Palisade Wall x2 |
| 15:51 | Dracarys · wall_segment Palisade Wall x1 |
| 16:35 | Dracarys · wall_segment Palisade Wall x7 |
| 16:58 | Dracarys · wall_segment Palisade Wall x1 |
| 17:48 | DS_Gitano Urbano · first_building Barracks |
| 17:57 | Dracarys · wall_segment Palisade Wall x4 |
| 18:39 | Dracarys · wall_segment Palisade Wall x1 |
| 24:43 | DS_Gitano Urbano · first_market_buy 500 food |
| 25:33 | Dracarys · age_up castle |
| 27:45 | DS_Gitano Urbano · resign |
[ AI ANALYSIS · 1 CREDIT ]
What really happened in this match?
Wolo.gg analyzes every decision: build order, eco, micro, common mistakes by bracket. Personalized analysis on WhatsApp or Discord in 30 seconds.
Civ guide
Khmer
Perfil
Jugador #352739